Workbook
Name ________________SEC1200: #REF!
Name _______________SEC1200: #REF!
Name ______________SEC1200: #REF!
Name _____________SEC1200: #REF!
Name ____________SEC1200: #REF!
Name ___________SEC1200: #REF!
Name __________SEC1200: #REF!
Name _________SEC1200: #REF!
Name _______SEC1200: #REF!
Name ______SEC1200: #REF!
Name _____SEC1200: #REF!
Name ____SEC1200: #REF!
Name ____tax1: #REF!
Name ____tax2: #REF!
Name ____tax3: #REF!
Name ____tax4: #REF!
Name ___SEC1200: #REF!
Name __SEC1200: #REF!
Name __tax1: #REF!
Name __tax2: #REF!
Name __tax3: #REF!
Name __tax4: #REF!
Name _sch1: #REF!
Name _sch1: #REF!
Name _sch1: #REF!
Name _sch1: #REF!
Name _sch1: #REF!
Name _sch1: #REF!
Name _sch2: #REF!
Name _sch2: #REF!
Name _sch2: #REF!
Name _sch2: #REF!
Name _sch2: #REF!
Name _sch2: #REF!
Name _SEC1200: #REF!
Name _SEC13: #REF!
Name _tax1: #REF!
Name _tax2: #REF!
Name _tax3: #REF!
Name _tax4: #REF!
Name A: #REF!
Name A_11: #REF!
Name A_2: #REF!
Name A_8: '[1]50 kl'!#REF!
Name banzieast: #REF!
Name banzieast_11: #REF!
Name banzieast_2: #REF!
Name banzieasthh: #REF!
Name banzieasthh_11: #REF!
Name banzieasthh_2: #REF!
Name Bedding: #REF!
Name Bedding_11: #REF!
Name Bedding_2: #REF!
Name boxes: #REF!
Name button_area_1: #REF!
Name carol: #REF!
Name CC: '[2]Customize Your Invoice'!$G$22:$G$25
Name CCT: #REF!
Name cdk: #REF!
Name cec: #REF!

Sheet COVER
B2: BATATISE CONSULTING PTY LTD
B12: PROVISIONAL BILLS OF QUANTITIES REV00
B13: (BLANK)
A17: MUTALE RAW WATER SCHEME - 20ML RAW WATER DAM CONSTRUCTION AND EXISTING RAW WATER DAM RENOVATIONS
A18: CONTRACT 1: VDM/TECH/25/07/2024/04
B20: FOR
B22: VHEMBE DISTRICT MUNICIPALITY
B26: CONFIDENTIAL
B28: Batatise Consulting Pty Ltd Stoney Ridge Office Park Sandton, 2151 www.batatise.com jabula.nkomo@batatise.com Tel: 082 552 7498 Cell: 082 552 7498
E30: =TODAY()-2 -> 45585

Sheet Bill 1 P&G's
A1: VHEMBE DISTRICT MUNICIPALITY | H1: Bill 1
A2: MUTALE WATER SYSTEM UPGRADE C4: 20ML RAW WATER DAM CONSTRUCTION AND EXISTING RAW WATER DAM RENOVATIONS | H2: Preliminary and General
A3: TENDER NO. VDM/TECH/25/07/2024/04
A4: BILL 1 : PRELIMINARY AND GENERAL
A5: ITEM | B5: PAYM. | C5: DESCRIPTION | E5: UNIT | F5: QTY | G5: RATE | H5: AMOUNT
A6: NO. | B6: REF.
B7: SABS | H7: =+G7*F7 -> 0 | J7: 1
B8: 1200A | C8: GENERAL | H8: =+G8*F8 -> 0 | J8: 2
A9: 1.1 | B9: 8.3 | C9: FIXED CHARGE AND VALUE-RELATED ITEMS | H9: =+G9*F9 -> 0 | J9: 3
A10: 1.1.1 | B10: 8.3.1 | C10: Contractual Requirements | E10: sum | F10: 1 | H10: =+G10*F10 -> 0 | J10: 4
H11: =+G11*F11 -> 0 | J11: 5
A12: 1.1.2 | B12: 8.3.2 | C12: Establish facilities on site | H12: =+G12*F12 -> 0 | J12: 6
A13: 1.1.2.1 | B13: 8.3.2.1 | C13: i) Facilities for Engineer | H13: =+G13*F13 -> 0 | J13: 7
C14: a) | D14: Name Boards (3 no) Supply & erect three | H14: =+G14*F14 -> 0 | J14: 8
D15: name boards as per Dwg | E15: no | F15: 2 | H15: =+G15*F15 -> 0 | J15: 9
H16: =+G16*F16 -> 0 | J16: 10
C17: b) | D17: Furnished Office (PSAB4.1) | E17: sum | F17: 1 | J17: 11
J18: 12
C19: d) | D19: Survey assistant and equipment | E19: sum | F19: 1 | J19: 13
H20: =+G20*F20 -> 0 | J20: 14
C21: d) | D21: Cellular phones and data (PSAB4.2) | E21: month | F21: 12 | J21: 15
J22: 16
A23: 1.1.2.2 | B23: 8.3.2.2 | C23: ii) Facilities for Contractor | J23: 17
C24: a) | D24: Offices and storage sheds | E24: sum | F24: 1 | J24: 18
J25: 19
C26: b) | D26: Workshops | E26: sum | F26: 1 | J26: 20
J27: 21
C28: c) | D28: Ablution and latrine facilities | E28: sum | F28: 1 | J28: 22
J29: 23
C30: d) | D30: Tools and equipment | E30: sum | F30: 1 | J30: 24
J31: 25
C32: e) | D32: Water supplies, electric power & communi- | J32: 26
C33: communications | D33: cations | E33: sum | F33: 1 | J33: 27
J34: 28
C35: f) | D35: Dealing with water | E35: sum | F35: 1 | J35: 29
J36: 30
C37: g) | D37: Access | E37: sum | F37: 1 | J37: 31
J38: 32
C39: h) | D39: Plant | E39: sum | F39: 1 | J39: 33
J40: 34
C41: i) | D41: Operational Health & Safety (POHAS 3.6) | E41: sum | F41: 1 | H41: =+G41*F41 -> 0 | J41: 35
J42: 36
A43: 1.1.3 | B43: 8.3.3 | C43: Other fixed charge obligations | E43: sum | F43: 1 | J43: 37
J44: 38
A45: 1.1.4 | B45: 8.3.4 | C45: Removal of site establishments | E45: sum | F45: 1 | J45: 39
J46: 40
B47: SABS | H47: =+G47*F47 -> 0 | J47: 41
B48: 1200A | H48: =+G48*F48 -> 0 | J48: 42
A49: 1.2 | B49: 8.4 | C49: TIME RELATED ITEMS | H49: =+G49*F49 -> 0 | J49: 43
A50: 1.2.1 | B50: 8.4.1 | C50: Contractual requirements | E50: sum | F50: 1 | H50: =+G50*F50 -> 0 | J50: 44
H51: =+G51*F51 -> 0 | J51: 45
A52: 1.2.2 | B52: 8.4.2 | C52: Operations and Maintenance of Facilities on | H52: =+G52*F52 -> 0 | J52: 46
C53: Site | H53: =+G53*F53 -> 0 | J53: 47
A54: 1.2.2.1 | B54: 8.4.2.1 | C54: Facilities for Engineer | H54: =+G54*F54 -> 0 | J54: 48
B55: PSAB1 | C55: a) | D55: Name Boards (3 no) Supply & erect three | H55: =+G55*F55 -> 0 | J55: 49
D56: name boards as per Dwg. No. 1609A0.716.20 | E56: month | F56: 12 | J56: 50
J57: 51
C58: b) | D58: Furnished Office (PSAB4.2) | E58: month | F58: 12 | J58: 52
D59: CARRIED FORWARD | H59: =SUM(H8:H58) -> 0
D60: BROUGHT FORWARD | H60: =H59 -> 0
C62: c) | D62: Survey assistant and equipment | E62: month | F62: 12
C64: d) | D64: Cellular phones and data (PSAB4.1) | E64: month | F64: 12
A66: 1.2.2.2 | B66: 8.4.2.2 | C66: Facilities for Contractor
C67: a) | D67: Offices and storage sheds | E67: month | F67: 12
C69: b) | D69: Workshops | E69: month | F69: 12
C71: c) | D71: Laboratories | E71: month | F71: 12
C73: d) | D73: Living accommodation | E73: month | F73: 12
C75: e) | D75: Ablution and latrine facilities | E75: month | F75: 12
C77: f) | D77: Tools and equipment | E77: month | F77: 12
C79: g) | D79: Water supplies, electric power & communi-
D80: cations | E80: month | F80: 12
C82: h) | D82: Dealing with water | E82: month | F82: 12
C84: i) | D84: Access | E84: month | F84: 12
C86: j) | D86: Plant | E86: month | F86: 12
C88: k) | D88: Operational Health & Safety (POHAS 3.6) | E88: month | F88: 12
H89: =+G89*F89 -> 0
A90: 1.2.3 | B90: 8.4.3 | C90: Supervision for duration of the construction | E90: month | F90: 12 | H90: =+G90*F90 -> 0
H91: =+G91*F91 -> 0
A92: 1.2.4 | B92: 8.4.4 | C92: Company and Head Office overhead costs for | H92: =+G92*F92 -> 0
C93: the duration of the Contract | E93: month | F93: 12 | H93: =+G93*F93 -> 0
H94: =+G94*F94 -> 0
A95: 1.2.5 | B95: 8.4.5 | C95: Other time related obligations | E95: month | F95: 12 | H95: =+G95*F95 -> 0
H96: =+G96*F96 -> 0
H97: =+G97*F97 -> 0
H98: =+G98*F98 -> 0
H99: =+G99*F99 -> 0
H102: =+G102*F102 -> 0
H103: =+G103*F103 -> 0
H105: =+G105*F105 -> 0
H107: =+G107*F107 -> 0
H108: =+G108*F108 -> 0
H109: =+G109*F109 -> 0
D110: CARRIED FORWARD | H110: =SUM(H60:H109) -> 0
D111: BROUGHT FORWARD | H111: =H110 -> 0
A112: 1.4 | B112: 8.5 | C112: SUMS STATED PROVISIONALLY BY THE | H112: =+G112*F112 -> 0
C113: ENGINEER | H113: =+G113*F113 -> 0
C114: (NOT SUBJECT TO RETENTION OR ESCALA- | H114: =+G114*F114 -> 0
C115: TION) (Provisional Sum) | H115: =+G115*F115 -> 0
A116: 1.4.1 | C116: Rented accommodation | E116: sum | F116: 1 | G116: 75000 | H116: =+G116*F116 -> 75000
H117: =+G117*F117 -> 0
...

Sheet Bill 2 - 20ML RW Dam
A1: ='Bill 1 P&G''s'!A1 -> VHEMBE DISTRICT MUNICIPALITY | G1: Bill 2
A2: ='Bill 1 P&G''s'!A2 -> MUTALE WATER SYSTEM UPGRADE C4: 20ML RAW WATER DAM CONSTRUCTION AND EXISTING RAW WATER DAM RENOVATIONS | G2: 20ML Raw Water Dam
A3: ='Bill 1 P&G''s'!A3 -> TENDER NO. VDM/TECH/25/07/2024/04
A4: BILL 2 : 20ML RAW WATER DAM CONSTRUCTION
A5: ITEM | B5: PAYM. | C5: DESCRIPTION | D5: UNIT | E5: QTY | F5: RATE | G5: AMOUNT
A6: NO. | B6: REF.
C8: SECTION 1 - EARTHWORKS
C11: SITE CLEARANCE
B13: 16.001 | C13: Clear and strip site | D13: m2 | E13: 100000 | G13: =F13*E13 -> 0
C15: Remove and grub large trees (complete with stumps) or stumps only, as scheduled, of girth
B17: 16.002(a) | C17: Over 1 m and up to and including 2 m | D17: No | E17: 15 | G17: =F17*E17 -> 0
C19: Removal of surface rocks
B21: 16.003 | C21: Extra-over 16.001 for removal of rocks | D21: m3 | E21: 500 | G21: =F21*E21 -> 0
C23: Remove topsoil
B25: 16.007 | C25: Remove topsoil to nominal depth 150 mm | D25: m3 | E25: 15000 | G25: =F25*E25 -> 0
C27: In-situ treatment of foundations
B29: 9.009(b) | C29: In-situ treatment by ripping | D29: m3 | E29: 1494 | G29: =F29*E29 -> 0
C31: EXCAVATION
C33: Material unsuitable for embankment
B35: 16.008(a) | C35: i) To spoil at designated spoil site | D35: m3 | E35: =+E25*0.5 -> 7500 | G35: =F35*E35 -> 0
C37: Material suitable for embankment from essential excavations for
B39: 16.008(b) | C39: (5) Cut to fill from excavation of reservoir basin for embankment walls | D39: m3 | E39: 1697.75 | G39: =F39*E39 -> 0
C41: Extra-over items (b) (1)-(4) for excavation in:
B43: 16.008(c) | C43: (2) Hard rock material | D43: m3 | E43: 550 | G43: =F43*E43 -> 0
C45: Forming embankment
C47: Refer to drawing ….......... & …......... for embankment compaction densities
B49: 16.010(a) | C49: i) Selected semi-pervious material: Imported material from borrow pits | D49: m3 | E49: 1360 | G49: =F49*E49 -> 0
B51: 16.010(a) | C51: ii) Selected semi-pervious material: In-situ embankment excavated material | D51: m3 | E51: 1360 | G51: =F51*E51 -> 0
C53: CARRIED FORWARD | G53: =SUM(G7:G52) -> 0
C54: BROUGHT FORWARD | G54: =G53 -> 0
B56: 16.010(b) | C56: i) Unselected pervious material: Imported material from borrow pits (homogeneous) | D56: m3 | E56: 6590 | G56: =F56*E56 -> 0
B58: 16.010(b) | C58: ii) Unselected pervious material: In-situ embankment excavated material (homogeneous) | D58: m3 | E58: 3395 | G58: =F58*E58 -> 0
B60: 16.010(d) | C60: Topsoil from stockpile to downstream slope | D60: m3 | E60: 7500 | G60: =F60*E60 -> 0
B62: 16.010(g) | C62: Gravel capping | D62: m3 | E62: 2850 | G62: =F62*E62 -> 0
C64: Overhaul
B66: 16.013(a) | C66: Between 1km up to and including 3km | D66: m3 | E66: 34415.306 | G66: =F66*E66 -> 0
B68: 16.013(b) | C68: Between 3km up to and including 5km | D68: m3 | E68: 41298.368 | G68: =F68*E68 -> 0
B70: 16.013(c) | C70: Between 5km up to and including 7km | D70: m3 | E70: 16060.476 | G70: =F70*E70 -> 0
B72: 16.013(d) | C72: Between 7km up to and including 9km | D72: m3 | E72: 22943.537 | G72: =F72*E72 -> 0
B74: 16.013(e) | C74: Between 9km up to and including 11km | D74: m3 | E74: 25016.122 | G74: =F74*E74 -> 0
C76: Prepare surface areas to be lined
C78: As per dwg. ….............
B80: 16.014 | C80: Embankment floor | D80: m2 | E80: 5000 | G80: =F80*E80 -> 0
B82: 16.015 | C82: Embankment slopes | D82: m2 | E82: 5000 | G82: =F82*E82 -> 0
C84: DEALING WITH WATER
B86: 8.001 | C86: Dealing with water | D86: Sum | E86: 1 | G86: =F86*E86 -> 0
B88: 8.002 | C88: Treatment of water | D88: Sum | E88: 1 | G88: =F88*E88 -> 0
B90: 8.003 | C90: Water monitoring | D90: Sum | E90: 1 | G90: =F90*E90 -> 0
B92: 8.004 | C92: Sampling equipment and reagents for the Engineer | D92: Sum | E92: 1 | G92: =F92*E92 -> 0
C102: TOTAL SECTION 1 CARRIED TO BILL 2 SUMMARY | G102: =SUM(G54:G101) -> 0
C105: SECTION 2 - CONCRETE STRUCTURES
C107: INLET, DISCHARGE, OVERFLOW, PIPE CROSSING, UNDERDRAIN CHAMBER, ACCESS BRIDGE, ACCESS STAIRS AND BRIDGE STRUCTURES
C109: REFER TO DRAWING …............. to …............, …..............., ….............., …............ and …...............
C111: EXCAVATION
C113: Excavation in all materials to spoil
B115: 9.001 | C115: Excavate for structures | D115: m3 | E115: 194.5 | G115: =F115*E115 -> 0
C117: Excavation in all materials to stockpile
B119: 9.003 | C119: Excavate for structures | D119: m3 | E119: 194.5 | G119: =F119*E119 -> 0
B121: 9.006 | C121: Extra-Over items 9.001 to 9.005 for: Hard Excavation (by blasting) | D121: m3 | E121: 50 | G121: =F121*E121 -> 0
B123: 9.01 | C123: Excavation by hand | D123: m3 | E123: 97.25 | G123: =F123*E123 -> 0
C125: Overhaul
B127: 9.011 a) | C127: Between 1km up to and including 3km | D127: m3 | E127: 389 | G127: =F127*E127 -> 0
C129: CONSTRUCTION OF EMBANKMENT AND STRUCTURE BACKFILL
B131: 15.014(a) | C131: Structure backfilling compacted to compacted to 93% MOD AASHTO | D131: m3 | E131: 48.625 | G131: =F131*E131 -> 0
C133: Overhaul
B135: 15.016(a) | C135: Between 1km up to and including 3km | D135: m3 | E135: 389 | G135: =F135*E135 -> 0
C137: FORMWORK
C139: Rough Formwork
C141: Vertical surfaces
B143: 20.001 | C143: Sides of floor slab and coulmn bases | D143: m2 | E143: 200 | G143: =F143*E143 -> 0
C146: CARRIED FORWARD | G146: =SUM(G104:G145) -> 0
C147: BROUGHT FORWARD | G147: =G146 -> 0
B149: 20.001 | C149: Sides of walls | D149: m2 | E149: 1650 | G149: =F149*E149 -> 0
C151: Smooth Formwork
C153: Vertical surfaces for visible surface including 20mm chamfers on a exposed corners to:
B155: 20.002 | C155: Walls | D155: m2 | E155: 1550 | G155: =F155*E155 -> 0
B157: 20.002 | C157: Pipe supports | D157: m2 | E157: 35 | G157: =F157*E157 -> 0
B159: 20.002 | C159: To stair treads | D159: m2 | E159: 25 | G159: =F159*E159 -> 0
B161: 20.002 | C161: To columns | D161: m2 | E161: 25 | G161: =F161*E161 -> 0
B163: 20.002 | C163: To liner tie beams | D163: m2 | E163: 15 | G163: =F163*E163 -> 0
C165: Sloping surfaces including chamfers
B167: 20.002 | C167: Smooth, inclined including 20mm chamfer, to liner tie beams | D167: m2 | E167: 270 | G167: =F167*E167 -> 0
C169: Horizontal surfaces including chamfers
B171: 20.002 | C171: Slabs | D171: m2 | E171: 74.2065 | G171: =F171*E171 -> 0
C173: REINFORCEMENT
B175: 20.007(a) | C175: Steel bars irrespective of grade and diameter | D175: t | E175: 55 | G175: =F175*E175 -> 0
B177: 20.008 | C177: high-tensile welded mesh ref 311 | D177: m2 | E177: 900 | G177: =F177*E177 -> 0
C179: CONCRETE
C181: Prescribed Mix Concrete
C183: Grade 35MPa/19mm 30F for concrete structures
B185: 20.01 | C185: Inlet structures | D185: m3 | E185: 25 | G185: =F185*E185 -> 0
B187: 20.01 | C187: Discharge structures | D187: m3 | E187: 120 | G187: =F187*E187 -> 0
B189: 20.01 | C189: Overflow structures | D189: m3 | E189: 60 | G189: =F189*E189 -> 0
C194: CARRIED FORWARD | G194: =SUM(G147:G193) -> 0
C195: BROUGHT FORWARD | G195: =G194 -> 0
B197: 20.01 | C197: Culvert base & pipe plinth for pipe crossing | D197: m3 | E197: 30 | G197: =F197*E197 -> 0
B199: 20.01 | C199: Underdrain chambers | D199: m3 | E199: 25 | G199: =F199*E199 -> 0
B201: 20.01 | C201: Access stairs | D201: m3 | E201: 50 | G201: =F201*E201 -> 0
C203: Blinding layer in 15MPa/19mm F30 concrete:
C205: Blinding layer of 50mm minimum thickness including levelling and floating.
...

Sheet Bill 3 - Exist. RW Dam
A1: ='Bill 2 - 20ML RW Dam'!A1 -> VHEMBE DISTRICT MUNICIPALITY | H1: Bill 3
A2: ='Bill 2 - 20ML RW Dam'!A2 -> MUTALE WATER SYSTEM UPGRADE C4: 20ML RAW WATER DAM CONSTRUCTION AND EXISTING RAW WATER DAM RENOVATIONS | H2: Raw Water Dam Repairs
A3: ='Bill 1 P&G''s'!A3 -> TENDER NO. VDM/TECH/25/07/2024/04
A4: BILL 3 : RAW WATER DAM RENOVATIONS
A5: ITEM | B5: PAYM. | C5: DESCRIPTION | E5: UNIT | F5: QTY | G5: RATE | H5: AMOUNT
A6: NO. | B6: REF.
C8: Storage Dam Minor Refurbishment
C10: a) | D10: Allowance for refurbishment of minor components, lining and dam basin within the existing storage dam to ensure all components, basin, waterproofing and drainage are in working order prior to scheme operation. | E10: PS | F10: 1 | G10: 2200000 | H10: =G10*F10 -> 2200000
C12: b) | D12: Contractor's charges and profit | E12: % | H12: =H10*F12 -> 0
C15: c) | D15: Empty Existing Balancing dam | E15: Sum | F15: 1 | H15: =G15*F15 -> 0
C17: d) | D17: Supply crane truck to remove and install parts | E17: Sum | F17: 1 | H17: =G17*F17 -> 0
C19: e) | D19: Commissioning and handover | E19: Sum | F19: 1 | H19: =G19*F19 -> 0
C50: TOTAL BILL 3 CARRIED FORWARD TO SUMMARY | H50: =SUM(H9:H44) -> 2200000

Sheet Bill 4-Dayworks
A1: ='Bill 3 - Exist. RW Dam'!A1 -> VHEMBE DISTRICT MUNICIPALITY | G1: Bill 4
A2: ='Bill 1 P&G''s'!A2 -> MUTALE WATER SYSTEM UPGRADE C4: 20ML RAW WATER DAM CONSTRUCTION AND EXISTING RAW WATER DAM RENOVATIONS | G2: Dayworks
A3: ='Bill 1 P&G''s'!A3 -> TENDER NO. VDM/TECH/25/07/2024/04
A4: BILL 4 : DAYWORKS
A5: ITEM | B5: PAYM. | C5: DESCRIPTION | D5: UNIT | E5: QTY | F5: RATE | G5: AMOUNT
A6: NO. | B6: REF.
C8: DAYWORK CHARGES - LABOUR
C10: Varied work instructed by the Engineer to be executed on daywork basis
B12: 1.009 | C12: General Unskilled Labour | D12: hr | G12: Rate Only
B13: 1.009 | C13: General Semi-Skilled Labour | D13: hr | G13: Rate Only
B14: 1.009 | C14: General Skilled Labour | D14: hr | G14: Rate Only
B15: 1.009 | C15: Artisan | D15: hr | G15: Rate Only
B16: 1.009 | C16: Boilermaker (Pipe Fabricator) | D16: hr | G16: Rate Only
B17: 1.009 | C17: Boilermaker Assistant | D17: hr | G17: Rate Only
B18: 1.009 | C18: Qualified Welder | D18: hr | G18: Rate Only
B19: 1.009 | C19: Welder Assistant | D19: hr | G19: Rate Only
B20: 1.009 | C20: Fitter | D20: hr | G20: Rate Only
B21: 1.009 | C21: Fitter Assistant | D21: hr | G21: Rate Only
B22: 1.009 | C22: Grinder | D22: hr | G22: Rate Only
B23: 1.009 | C23: Qualified Electrician | D23: hr | G23: Rate Only
... B33: 1.009 | C33: Bus Driver | D33: hr | G33: Rate Only
C35: DAYWORK CHARGES - EQUIPMENT
C37: Varied work instructed by the Engineer to be executed under daywork basis. Rate to include operator, fuel, maintenance, insurances and all other costs. Dry rate must be completed else value = "nil" ("Dry rate" = "Wet rate" less Fuel)
C39: Backhoe Loaders (TLB's)
B40: 1.009 | C40: 4x2 Size > 5 ton / small (Dry rate = __________) | D40: hr | G40: Rate Only
B41: 1.009 | C41: 4x4 Size > 7 ton / medium (Dry rate = __________) | D41: hr | G41: Rate Only
B42: 1.009 | C42: 4x4 Size > 9 ton / large (Dry rate = __________) | D42: hr | G42: Rate Only
C45: CARRIED FORWARD | G45: =SUM(G9:G43) -> 0
C46: BROUGHT FORWARD | G46: =G45 -> 0
C48: Bulldozers
B49: 1.009 | C49: Size D6 > 125 kW (Dry rate = ___________) | D49: hr | G49: Rate Only
B50: 1.009 | C50: Size D8 > 200 kW (Dry rate = ___________) | D50: hr | G50: Rate Only
B51: 1.009 | C51: Size D10 > 400 kW (Dry rate = ___________) | D51: hr | G51: Rate Only
B52: 1.009 | C52: Other Size ___________ , ______ kW (Dry rate = ___________) | D52: hr | G52: Rate Only
C54: Flatbed Truck with crane
B55: 1.009 | C55: Capacity 4 ton / small (Dry rate = _______) | D55: hr | G55: Rate Only
B56: 1.009 | C56: Capacity 6 ton / medium (Dry rate = _______) | D56: hr | G56: Rate Only
B57: 1.009 | C57: Capacity 10 ton / large (Dry rate = _______) | D57: hr | G57: Rate Only
C60: Off highway dump trucks
B61: 1.009 | C61: Capacity 8m³ / small (Dry rate = _______) | D61: hr | G61: Rate Only
B62: 1.009 | C62: Capacity 10 m³ / medium (Dry rate = _______) | D62: hr | G62: Rate Only
B63: 1.009 | C63: Capacity 15 m³ / large (Dry rate = _______) | D63: hr | G63: Rate Only
C65: Tipper Trucks
B66: 1.009 | C66: Capacity > 8m³ / small (Dry rate = _______) | D66: hr | G66: Rate Only
B67: 1.009 | C67: Capacity > 10 m³ / medium (Dry rate = _______) | D67: hr | G67: Rate Only
B68: 1.009 | C68: Capacity > 15 m³ / large (Dry rate = _______) | D68: hr | G68: Rate Only
C70: Wheel Loaders
B71: 1.009 | C71: Bobcat | D71: hr | G71: Rate Only
B72: 1.009 | C72: Capacity > 1.5 m³ bucket / small (Dry rate = _________) | D72: hr | G72: Rate Only
B73: 1.009 | C73: Capacity > 3 m³ bucket / medium (Dry rate = _________) | D73: hr | G73: Rate Only
B74: 1.009 | C74: Capacity > 5 m³ bucket / large (Dry rate = _________) | D74: hr | G74: Rate Only
C76: Water Tankers
B77: 1.009 | C77: Capacity > 2 kl / small towable (Dry rate =_______) | D77: hr | G77: Rate Only
B78: 1.009 | C78: Capacity > 10 kl / medium (Dry rate =_______) | D78: hr | G78: Rate Only
B79: 1.009 | C79: Capacity > 18 kl / large (Dry rate =_______) | D79: hr | G79: Rate Only
C81: Light Delivery Vehicle (LDV)
B82: 1.009 | C82: LDV > 2 ton (Dry rate =________) | D82: hr | G82: Rate Only
C84: Crawler Excavator
B85: 1.009 | C85: Model > 15 ton / 88 kw / small (Dry rate =______ ) | D85: hr | G85: Rate Only
B86: 1.009 | C86: Model > 20 ton / 120 kw / medium (Dry rate =______ ) | D86: hr | G86: Rate Only
B87: 1.009 | C87: Model > 30 ton / 200 kW / large (Dry rate =______ ) | D87: hr | G87: Rate Only
C89: Motor Graders
B90: 1.009 | C90: Model > 130 kW / medium (Dry rate = _______) | D90: hr | G90: Rate Only
C92: Self propelled vibrating rollers (smooth drum)
B93: 1.009 | C93: Mass > 5 ton / medium (Dry rate = ________) | D93: hr | G93: Rate Only
B94: 1.009 | C94: Mass > 10 ton / medium (Dry rate = ________) | D94: hr | G94: Rate Only
C96: CARRIED FORWARD | G96: =SUM(G46:G95) -> 0
C97: BROUGHT FORWARD | G97: =G96 -> 0
C99: Self propelled vibrating rollers (padfoot)
B100: 1.009 | C100: Mass > 8 ton / medium (Dry rate = ________) | D100: hr | G100: Rate Only
B101: 1.009 | C101: Mass > 12 ton / medium (Dry rate = ________) | D101: hr | G101: Rate Only
C103: Pneumatic tyred rollers (specify mass)
B104: 1.009 | C104: Mass > 9 ton / medium (Dry rate = _______) | D104: hr | G104: Rate Only
B105: 1.009 | C105: Mass > 15 ton / large (Dry rate = _______) | D105: hr | G105: Rate Only
C107: Walk behind vibrating rollers
B108: 1.009 | C108: Model > 700 kg / BW 65 / small (Dry rate =______) | D108: hr | G108: Rate Only
B109: 1.009 | C109: Model > 1000 kg /BW 75/medium (Dry rate = ________) | D109: hr | G109: Rate Only
C111: Plate compactors
B112: 1.009 | C112: Model > 100 kg (Dry rate =_______) | D112: hr | G112: Rate Only
C114: Wacker's
B115: 1.009 | C115: Model > 60kg (Dry rate = ________) | D115: hr | G115: Rate Only
C117: Concrete mixers
B118: 1.009 | C118: Volume > 320 litre / small (Dry rate=_______) | D118: hr | G118: Rate Only
B119: 1.009 | C119: Volume > 1200 litre / medium towable (Dry rate =_______) | D119: hr | G119: Rate Only
B120: 1.009 | C120: Volume > 7000 litre / large (Dry rate =_______) | D120: hr | G120: Rate Only
C122: Concrete mixer truck
B123: 1.009 | C123: Capacity > 5m³ (Dry rate = _______) | D123: hr | G123: Rate Only
C125: Portable diesel compressors
B126: 1.009 | C126: Capacity > 50 cfm / small (Dry rate=______) | D126: hr | G126: Rate Only
B127: 1.009 | C127: Capacity > 250 cfm / medium Dry rate=_______) | D127: hr | G127: Rate Only
B128: 1.009 | C128: Capacity > 490 cfm / large Dry rate=______) | D128: hr | G128: Rate Only
C130: Water pump
B131: 1.009 | C131: Capacity > 30 l/s / small (Dry rate=_______) | D131: hr | G131: Rate Only
B132: 1.009 | C132: Capacity > 100 l/s / medium (Dry rate=_______) | D132: hr | G132: Rate Only
B133: 1.009 | C133: Capacity > 300 l/s / large (Dry rate=_______) | D133: hr | G133: Rate Only
C135: Welding unit
B136: 1.009 | C136: Size > 200 Amp / small (Dry rate=_______) | D136: hr | G136: Rate Only
B137: 1.009 | C137: Size > 300 Amp / medium (Dry rate=______) | D137: hr | G137: Rate Only
B138: 1.009 | C138: Size > 800 Amp / large (Dry rate=______) | D138: hr | G138: Rate Only
C140: Mobile generator set (specify KVA)
...

Sheet Bill 5 Prov Sums & Relocations
A1: ='Bill 3 - Exist. RW Dam'!A1 -> VHEMBE DISTRICT MUNICIPALITY | G1: Bill 5
A2: ='Bill 1 P&G''s'!A2 -> MUTALE WATER SYSTEM UPGRADE C4: 20ML RAW WATER DAM CONSTRUCTION AND EXISTING RAW WATER DAM RENOVATIONS | G2: Prov Sums/ Relocations
A3: ='Bill 1 P&G''s'!A3 -> TENDER NO. VDM/TECH/25/07/2024/04
A4: BILL 5 : PROVISIONAL SUMS AND RELOCATIONS
A5: ITEM | B5: PAYM. | C5: DESCRIPTION | D5: UNIT | E5: QTY | F5: RATE | G5: AMOUNT
A6: NO. | B6: REF.
B9: 1.009 | C9: Demolitions of existing and unwanted structures, concrete, etc | D9: PS | E9: 1 | F9: 3200000 | G9: =F9*E9 -> 3200000
B11: 1.009 | C11: Contractor's charges and profit | D11: % | G11: =G9*E11 -> 0
C44: TOTAL BILL 5 CARRIED FORWARD TO SUMMARY

Sheet Bill 6 C&I
A1: ='Bill 3 - Exist. RW Dam'!A1 -> VHEMBE DISTRICT MUNICIPALITY | G1: Bill 6
A2: ='Bill 1 P&G''s'!A2 -> MUTALE WATER SYSTEM UPGRADE C4: 20ML RAW WATER DAM CONSTRUCTION AND EXISTING RAW WATER DAM RENOVATIONS | G2: COMMUNICATION & INSTRUMENTATION
A3: ='Bill 1 P&G''s'!A3 -> TENDER NO. VDM/TECH/25/07/2024/04
A4: BILL 6 : COMMUNICATION AND INSTRUMENTATION
A5: ITEM | B5: PAYM. | C5: DESCRIPTION | D5: UNIT | E5: QTY | F5: RATE | G5: AMOUNT
A6: NO. | B6: REF.
C8: CONTROL AND INSTRUMENTATION SYSTEMS, COMMUNICATION AND SECURITY
B10: 1.009 | C10: Full Integration between the Mutale WTP, Mutale High-lift Pump Station and Mutale Low-lift Pump Station Communication and Control System | D10: PS | E10: 1 | F10: 600000 | G10: =F10*E10 -> 600000
B12: 1.009 | C12: Contractor's charges and profit | D12: % | E12: 0.15 | G12: =G10*E12 -> 90000
B14: 1.009 | C14: SCADA system programme updating | D14: PS | E14: 1 | F14: 280000 | G14: =F14*E14 -> 280000
B16: 1.009 | C16: Contractor's charges and profit | D16: % | E16: 0.15 | G16: =G14*E16 -> 42000
C18: MISCELLANEOUS
C20: ADDITIONAL SPARES CONSIDERED NECESSARY BY THE EMPLOYER
B22: 1.009 | C22: Civil Works | D22: PS | E22: 1 | F22: 410000 | G22: =F22*E22 -> 410000
B24: 1.009 | C24: Contractor's charges and profit | D24: % | E24: 0.15 | G24: =G22*E24 -> 61500
B26: 1.009 | C26: Mechanical Works | D26: PS | E26: 1 | F26: 610000 | G26: =F26*E26 -> 610000
B28: 1.009 | C28: Contractor's charges and profit | D28: % | E28: 0.15 | G28: =G26*E28 -> 91500
B30: 1.009 | C30: Electrical Works | D30: PS | E30: 1 | F30: 480000 | G30: =F30*E30 -> 480000
B32: 1.009 | C32: Contractor's charges and profit | D32: % | E32: 0.15 | G32: =G30*E32 -> 72000
B34: 1.009 | C34: Control Systems, Wireless Communication and Security Control | D34: PS | E34: 1 | F34: 380000 | G34: =F34*E34 -> 380000
B36: 1.009 | C36: Contractor's charges and profit | D36: % | E36: 0.15 | G36: =G34*E36 -> 57000
C54: TOTAL BILL 6 CARRIED FORWARD TO SUMMARY | G54: =SUM(G7:G53) -> 3174000

Sheet Summary
A1: VHEMBE DISTRICT MUNICIPALITY
A2: ='Bill 1 P&G''s'!A2 -> MUTALE WATER SYSTEM UPGRADE C4: 20ML RAW WATER DAM CONSTRUCTION AND EXISTING RAW WATER DAM RENOVATIONS
A3: ='Bill 1 P&G''s'!A3 -> TENDER NO. VDM/TECH/25/07/2024/04
A5: SUMMARY OF BILLS
A7: DESCRIPTION | D7: AMOUNT
A8: ='Bill 1 P&G''s'!A4 -> BILL 1 : PRELIMINARY AND GENERAL | D8: ='Bill 1 P&G''s'!H145 -> 0
A9: ='Bill 2 - 20ML RW Dam'!A4 -> BILL 2 : 20ML RAW WATER DAM CONSTRUCTION | D9: ='Bill 2 - 20ML RW Dam'!G652 -> 0
A10: ='Bill 3 - Exist. RW Dam'!A4 -> BILL 3 : RAW WATER DAM RENOVATIONS | D10: ='Bill 3 - Exist. RW Dam'!H50 -> 2200000
A11: ='Bill 4-Dayworks'!A4 -> BILL 4 : DAYWORKS | D11: ='Bill 4-Dayworks'!G194 -> 0
A12: ='Bill 5 Prov Sums & Relocations'!A4 -> BILL 5 : PROVISIONAL SUMS AND RELOCATIONS | D12: ='Bill 5 Prov Sums & Relocations'!G44 -> 0
A13: ='Bill 6 C&I'!A4 -> BILL 6 : COMMUNICATION AND INSTRUMENTATION
A14: SUB-TOTAL | D14: =SUM(D8:D13) -> 2200000
A15: CONTINGENCIES @ 10% | D15: =D14*0.1 -> 220000
A16: ESCALATION @ 5% | D16: =D14*5% -> 110000
A17: SUB-TOTAL | D17: =D14+D15+D16 -> 2530000
A18: VAT @ 15% | D18: =D17*0.15 -> 379500
A19: TOTAL CARRIED FORWARD TO FORM OF OFFER (Page C1.1) | D19: =D17+D18 -> 2909500
